TOP OF THE 1ST |
El Dorado Oilers batting - Pitching for St Charles Sheens : LHP Paul Adams
|
Pitching: LHP Paul Adams
|
|
Batting: SHB Theron Harper
|
0-0: Swinging Strike 0-1: Ball 1-1: DOUBLE (Flyball, 8RXD)
|
Batting: LHB Ashley Pickhills
|
0-0: Ball 1-0: Foul Ball, location: 2F 1-1: Ball 2-1: Swinging Strike 2-2: Ball 3-2: DOUBLE (Line Drive, 9LD) Theron Harper scores
|
Batting: LHB Tony Abete
|
0-0: Swinging Strike 0-1: Swinging Strike 0-2: SINGLE (Flyball, 8LS) Ashley Pickhills to third Runner from 3rd tries for Home, SAFE, throw made home Tony Abete to second
|
Batting: LHB José Hernández
|
0-0: Ground out 4-3 (Groundball, 4) Tony Abete to third
|
Batting: RHB Chris Parker
|
0-0: Ball 1-0: SINGLE (Groundball, 6D) Tony Abete scores
|
Batting: RHB Bob Johnson
|
0-0: Ball 1-0: Ball 2-0: Ball 3-0: Base on Balls Chris Parker to second
|
Batting: LHB Al Gaines
|
0-0: DOUBLE (Line Drive, 9LM) Chris Parker scores Bob Johnson to third
|
Batting: RHB José Carlos Caraballo
|
0-0: Ball 1-0: DOUBLE (Line Drive, 8RXD) Bob Johnson scores Al Gaines scores
|
Batting: SHB Orlando Aguilar
|
0-0: Ball 1-0: Called Strike 1-1: Swinging Strike 1-2: Ball 2-2: Ball 3-2: Strikes out swinging
|
Batting: SHB Theron Harper
|
0-0: Called Strike 0-1: Fly out, F9 (Flyball, 9)
|
Top of the 1st over - 6 run(s), 6 hit(s), 0 error(s), 1 left on base; El Dorado 6 - St Charles 0 |
BOTTOM OF THE 1ST |
St Charles Sheens batting - Pitching for El Dorado Oilers : RHP Jeffrey Stephens
|
Pitching: RHP Jeffrey Stephens
|
|
Batting: LHB Larry Howard
|
0-0: Ball 1-0: Ball 2-0: Ball 3-0: Called Strike 3-1: Base on Balls
|
Batting: RHB Jesús Hernández
|
0-0: Ball 1-0: Ball 2-0: Swinging Strike 2-1: Ball 3-1: Grounds into double play, 5-4-3 (Groundball, 56)
|
Batting: LHB Stan Bates
|
0-0: Ground out 4-3 (Groundball, 4D)
|
Bottom of the 1st over - 0 run(s), 0 hit(s), 0 error(s), 0 left on base; El Dorado 6 - St Charles 0 |
TOP OF THE 2ND |
El Dorado Oilers batting - Pitching for St Charles Sheens : LHP Paul Adams
|
Batting: LHB Ashley Pickhills
|
0-0: Ball 1-0: Called Strike 1-1: Called Strike 1-2: Strikes out swinging
|
Batting: LHB Tony Abete
|
0-0: Called Strike 0-1: Ball 1-1: Ground out 4-3 (Groundball, 4)
|
Batting: LHB José Hernández
|
0-0: Called Strike 0-1: Foul Ball, location: 2F 0-2: Foul Ball, location: 2F 0-2: Foul Ball, location: 2F 0-2: Ball 1-2: Strikes out looking
|
Top of the 2nd over - 0 run(s), 0 hit(s), 0 error(s), 0 left on base; El Dorado 6 - St Charles 0 |
BOTTOM OF THE 2ND |
St Charles Sheens batting - Pitching for El Dorado Oilers : RHP Jeffrey Stephens
|
Batting: RHB Max Rash
|
0-0: Foul Ball, location: 2F 0-1: Ball 1-1: Ball 2-1: Ball 3-1: Foul Ball, location: 2F 3-2: Foul Ball, location: 2F 3-2: Foul Ball, location: 2F 3-2: Base on Balls
|
Batting: LHB Juan Jose Rojas
|
0-0: SINGLE (Line Drive, 6M) Max Rash to second
|
Batting: LHB Kyle Harrison
|
0-0: Ball 1-0: Swinging Strike 1-1: SINGLE (Groundball, 6MD) Max Rash to third Juan Jose Rojas to second Runner from 3rd tries for Home, SAFE, no throw
|
Batting: RHB Miguel Palácios
|
0-0: Swinging Strike 0-1: Ball 1-1: Ball 2-1: Grounds into double play, 5-4-3 (Groundball, 56) Juan Jose Rojas to third
|
Batting: RHB Ben Dougherty
|
0-0: Ball 1-0: Foul Ball, location: 2F 1-1: Ball 2-1: Fly out, F4 (Popup, 34D)
|
Bottom of the 2nd over - 1 run(s), 2 hit(s), 0 error(s), 1 left on base; El Dorado 6 - St Charles 1 |
TOP OF THE 3RD |
El Dorado Oilers batting - Pitching for St Charles Sheens : LHP Paul Adams
|
Batting: RHB Chris Parker
|
0-0: Called Strike 0-1: Called Strike 0-2: Ball 1-2: Ball 2-2: Ball 3-2: Base on Balls
|
Batting: RHB Bob Johnson
|
0-0: Ball 1-0: Called Strike 1-1: Fielders Choice at 2nd, 6-4 (Groundball, 6M)
|
Batting: LHB Al Gaines
|
0-0: Fly out, F8 (Flyball, 8RS)
|
Batting: RHB José Carlos Caraballo
|
0-0: Ball 1-0: DOUBLE (Flyball, 89D) Bob Johnson to third Runner from 3rd tries for Home, throw and OUT!
|
Top of the 3rd over - 0 run(s), 1 hit(s), 0 error(s), 1 left on base; El Dorado 6 - St Charles 1 |
BOTTOM OF THE 3RD |
St Charles Sheens batting - Pitching for El Dorado Oilers : RHP Jeffrey Stephens
|
Batting: RHB Dan Tyler
|
0-0: Ball 1-0: Swinging Strike 1-1: Ball 2-1: Ball 3-1: Ground out 1-3 (Groundball, P)
|
Batting: LHB Larry Howard
|
0-0: Swinging Strike 0-1: Foul Ball, location: 2F 0-2: Strikes out swinging
|
Batting: RHB Jesús Hernández
|
0-0: Fly out, F5 (Line Drive, 5L)
|
Bottom of the 3rd over - 0 run(s), 0 hit(s), 0 error(s), 0 left on base; El Dorado 6 - St Charles 1 |
TOP OF THE 4TH |
El Dorado Oilers batting - Pitching for St Charles Sheens : LHP Paul Adams
|
Batting: SHB Orlando Aguilar
|
0-0: Ball 1-0: Called Strike 1-1: Called Strike 1-2: Ball 2-2: Ball 3-2: Strikes out looking
|
Batting: SHB Theron Harper
|
0-0: Fly out, F9 (Flyball, 89M)
|
Batting: LHB Ashley Pickhills
|
0-0: Called Strike 0-1: Ball 1-1: Ground out 4-3 (Groundball, 4)
|
Top of the 4th over - 0 run(s), 0 hit(s), 0 error(s), 0 left on base; El Dorado 6 - St Charles 1 |
BOTTOM OF THE 4TH |
St Charles Sheens batting - Pitching for El Dorado Oilers : RHP Jeffrey Stephens
|
Batting: LHB Stan Bates
|
0-0: Called Strike 0-1: Ball 1-1: Foul Ball, location: 2F 1-2: Ball 2-2: Ball 3-2: Fly out, F7 (Flyball, 78S)
|
Batting: RHB Max Rash
|
0-0: Ball 1-0: Ball 2-0: Ball 3-0: Fly out, F9 (Flyball, 9S)
|
Batting: LHB Juan Jose Rojas
|
0-0: Ball 1-0: Ball 2-0: Foul Ball, location: 2F 2-1: Ball 3-1: Swinging Strike 3-2: Strikes out swinging
|
Bottom of the 4th over - 0 run(s), 0 hit(s), 0 error(s), 0 left on base; El Dorado 6 - St Charles 1 |
TOP OF THE 5TH |
El Dorado Oilers batting - Pitching for St Charles Sheens : LHP Paul Adams
|
Pitching: RHP Pedro Santiago
|
|
Batting: LHB Tony Abete
|
0-0: Ball 1-0: SINGLE (Groundball, 34S) (infield hit)
|
Batting: LHB José Hernández
|
0-0: Called Strike 0-1: Foul Ball, location: 2F 0-2: Ball 1-2: Ball 2-2: Ball 3-2: 2-RUN HOME RUN (Flyball, 9D), Distance : 409 ft
|
Batting: RHB Chris Parker
|
0-0: Swinging Strike 0-1: Foul Ball, location: 2F 0-2: Strikes out swinging
|
Batting: RHB Bob Johnson
|
0-0: Called Strike 0-1: Fly out, F7 (Flyball, 7D)
|
Batting: LHB Al Gaines
|
0-0: Ball 1-0: Ball 2-0: Called Strike 2-1: Ball 3-1: Called Strike 3-2: SINGLE (Line Drive, 8LS)
|
Batting: RHB José Carlos Caraballo
|
0-0: Ball 1-0: Foul Ball, location: 2F 1-1: Ball 2-1: Ball 3-1: Foul Ball, location: 2F 3-2: SINGLE (Flyball, 9S) Al Gaines to second Al Gaines to third
|
Batting: SHB Orlando Aguilar
|
0-0: Called Strike 0-1: Fielders Choice at 2nd, 4-6 (Groundball, 4)
|
Top of the 5th over - 2 run(s), 4 hit(s), 0 error(s), 1 left on base; El Dorado 8 - St Charles 1 |
BOTTOM OF THE 5TH |
St Charles Sheens batting - Pitching for El Dorado Oilers : RHP Jeffrey Stephens
|
Batting: LHB Kyle Harrison
|
0-0: Ball 1-0: Ball 2-0: Ball 3-0: Called Strike 3-1: SINGLE (Groundball, 34D)
|
Batting: RHB Miguel Palácios
|
0-0: Ball 1-0: Swinging Strike Passed Ball! Kyle Harrison to second 1-1: Fly out, F8 (Flyball, 8LS)
|
Batting: RHB Ben Dougherty
|
0-0: Called Strike 0-1: Ball 1-1: Called Strike 1-2: Ball 2-2: Ball 3-2: Strikes out looking
|
Batting: RHB Dan Tyler
|
0-0: Ball 1-0: Foul Ball, location: 2F 1-1: Ball 2-1: Ball 3-1: Fly out, F8 (Flyball, 8RM)
|
Bottom of the 5th over - 0 run(s), 1 hit(s), 0 error(s), 1 left on base; El Dorado 8 - St Charles 1 |
TOP OF THE 6TH |
El Dorado Oilers batting - Pitching for St Charles Sheens : RHP Pedro Santiago
|
Batting: SHB Theron Harper
|
0-0: Called Strike 0-1: SINGLE (Groundball, 4MD)
|
Batting: LHB Ashley Pickhills
|
0-0: Fielders Choice at 2nd, 1-6 (Groundball, 13)
|
Batting: LHB Tony Abete
|
0-0: Ball 1-0: Called Strike 1-1: Ball 2-1: Fly out, F9 (Flyball, 9D) Runner from 1st tags up, SAFE at 2nd
|
Batting: LHB José Hernández
|
0-0: Fly out, F8 (Flyball, 8RS)
|
Top of the 6th over - 0 run(s), 1 hit(s), 0 error(s), 1 left on base; El Dorado 8 - St Charles 1 |
BOTTOM OF THE 6TH |
St Charles Sheens batting - Pitching for El Dorado Oilers : RHP Jeffrey Stephens
|
Batting: LHB Larry Howard
|
0-0: Ball 1-0: Ball 2-0: Ball 3-0: Called Strike 3-1: Ground out 4-3 (Groundball, 4M)
|
Batting: RHB Jesús Hernández
|
0-0: Ball 1-0: Called Strike 1-1: Called Strike 1-2: Foul Ball, location: 2F 1-2: Strikes out looking
|
Batting: LHB Stan Bates
|
0-0: Ball 1-0: Foul Ball, location: 2F 1-1: Ball 2-1: Ball 3-1: Fly out, F8 (Flyball, 8LD)
|
Bottom of the 6th over - 0 run(s), 0 hit(s), 0 error(s), 0 left on base; El Dorado 8 - St Charles 1 |
TOP OF THE 7TH |
El Dorado Oilers batting - Pitching for St Charles Sheens : RHP Pedro Santiago
|
Batting: RHB Chris Parker
|
0-0: Fly out, F9 (Flyball, 9S)
|
Batting: RHB Bob Johnson
|
0-0: Ground out 5-3 (Groundball, 56)
|
Batting: LHB Al Gaines
|
0-0: Called Strike 0-1: SINGLE (Flyball, 89S)
|
Batting: RHB José Carlos Caraballo
|
0-0: Called Strike 0-1: Called Strike 0-2: Ball 1-2: Ball 2-2: Ball Al Gaines steals 2nd base 3-2: Fly out, F8 (Flyball, 8RM)
|
Top of the 7th over - 0 run(s), 1 hit(s), 0 error(s), 1 left on base; El Dorado 8 - St Charles 1 |
BOTTOM OF THE 7TH |
St Charles Sheens batting - Pitching for El Dorado Oilers : RHP Jeffrey Stephens
|
Batting: RHB Max Rash
|
0-0: Ball 1-0: Ground out 4-3 (Groundball, 34D)
|
Batting: LHB Juan Jose Rojas
|
0-0: Foul Ball, location: 2F 0-1: Ball 1-1: Ball 2-1: SINGLE (Line Drive, 7S)
|
Batting: LHB Kyle Harrison
|
0-0: Ball 1-0: Fielders Choice at 2nd, 5-4 (Groundball, 56)
|
Batting: RHB Miguel Palácios
|
0-0: Fielders Choice at 2nd, 6-4 (Groundball, 6)
|
Bottom of the 7th over - 0 run(s), 1 hit(s), 0 error(s), 0 left on base; El Dorado 8 - St Charles 1 |
TOP OF THE 8TH |
El Dorado Oilers batting - Pitching for St Charles Sheens : RHP Pedro Santiago
|
Batting: SHB Orlando Aguilar
|
0-0: Called Strike 0-1: Ball 1-1: Ball 2-1: Called Strike 2-2: Strikes out swinging
|
Batting: SHB Theron Harper
|
0-0: Called Strike 0-1: Ball 1-1: Called Strike 1-2: Ground out 4-3 (Groundball, 4)
|
Batting: LHB Ashley Pickhills
|
0-0: SINGLE (Groundball, 56D)
|
Batting: LHB Tony Abete
|
0-0: Called Strike 0-1: Ball 1-1: Ball 2-1: Ball 3-1: SINGLE (Groundball, 34D) Ashley Pickhills to second Runner from 2nd tries for 3rd, SAFE, no throw
|
Batting: LHB José Hernández
|
0-0: Ball 1-0: Ball 2-0: Ball 3-0: Foul Ball, location: 2F 3-1: Ground out U3 (Groundball, 34)
|
Top of the 8th over - 0 run(s), 2 hit(s), 0 error(s), 2 left on base; El Dorado 8 - St Charles 1 |
BOTTOM OF THE 8TH |
St Charles Sheens batting - Pitching for El Dorado Oilers : RHP Jeffrey Stephens
|
Batting: RHB Ben Dougherty
|
0-0: Fly out, F9 (Flyball, 9S)
|
Batting: RHB Dan Tyler
|
0-0: Called Strike 0-1: Foul Ball, location: 2F 0-2: Foul Ball, location: 2F 0-2: Ball 1-2: Foul Ball, location: 2F 1-2: Foul Ball, location: 2F 1-2: Foul Ball, location: 2F 1-2: Foul Ball, location: 2F 1-2: Ball 2-2: Fly out, F9 (Flyball, 9S)
|
Batting: LHB Larry Howard
|
0-0: Ball 1-0: Ball 2-0: Ball 3-0: Base on Balls
|
Pitching: RHP Craig Draper
|
|
Batting: RHB Jesús Hernández
|
0-0: Ball 1-0: Ball 2-0: Called Strike 2-1: Foul Ball, location: 2F 2-2: Strikes out swinging
|
Bottom of the 8th over - 0 run(s), 0 hit(s), 0 error(s), 1 left on base; El Dorado 8 - St Charles 1 |
TOP OF THE 9TH |
El Dorado Oilers batting - Pitching for St Charles Sheens : RHP Pedro Santiago
|
Pitching: RHP Alejandro Longoria
|
|
Batting: RHB Chris Parker
|
0-0: Called Strike 0-1: Called Strike 0-2: Foul Ball, location: 2F 0-2: Ball 1-2: Foul Ball, location: 2F 1-2: Strikes out looking
|
Batting: RHB Bob Johnson
|
0-0: Called Strike 0-1: Ball 1-1: Foul Ball, location: 2F 1-2: Ball 2-2: Ground out 6-3 (Groundball, 6)
|
Batting: LHB Al Gaines
|
0-0: Foul Ball, location: 2F 0-1: Ground out U3 (Groundball, 34S)
|
Top of the 9th over - 0 run(s), 0 hit(s), 0 error(s), 0 left on base; El Dorado 8 - St Charles 1 |
BOTTOM OF THE 9TH |
St Charles Sheens batting - Pitching for El Dorado Oilers : RHP Craig Draper
|
Batting: LHB Stan Bates
|
0-0: Called Strike 0-1: Foul Ball, location: 2F 0-2: Ball 1-2: Strikes out swinging
|
Batting: RHB Max Rash
|
0-0: Called Strike 0-1: Ball 1-1: Ground out 1-3 (Groundball, 15S)
|
Batting: LHB Juan Jose Rojas
|
0-0: Called Strike 0-1: Called Strike 0-2: Ball 1-2: Ball 2-2: DOUBLE (Line Drive, 89XD)
|
Batting: LHB Kyle Harrison
|
0-0: Ball 1-0: Foul Ball, location: 2F 1-1: Ball 2-1: Ball Wild Pitch! Juan Jose Rojas to third 3-1: Base on Balls
|
Batting: RHB Miguel Palácios
|
0-0: Called Strike 0-1: Ball 1-1: Foul Ball, location: 2F 1-2: SINGLE (Line Drive, 6MD) Juan Jose Rojas scores Kyle Harrison to second
|
Batting: RHB Ben Dougherty
|
0-0: 3-RUN HOME RUN (Flyball, 7D), Distance : 397 ft
|
Pitching: RHP César López
|
|
Batting: RHB Dan Tyler
|
0-0: Called Strike 0-1: Foul Ball, location: 2F 0-2: Foul Ball, location: 2F 0-2: Ball 1-2: Ground out 1-3 (Groundball, 13)
|
Bottom of the 9th over - 4 run(s), 3 hit(s), 0 error(s), 0 left on base; El Dorado 8 - St Charles 5 |
|